AoeStats
← TheQuietRiot

Arena

506626479Analyzed
1v1 RM · 18d ago on Sep 14, 2026· 71m 32s· 2 players
Game mode
Random Map
Map size
Tiny (2 player)
Population
200
Speed
Normal
Resources
Standard
Victory
Conquest
Starting age
Dark Age
Ending age
Imperial Age
RankedLock teamsTeams togetherTeam positionsShared explorationLock speedFull tech treeHidden civsTurbo modeCheats
Victory
Defeat
🇬🇧 Teutons · United Kingdom
969
+17
🇺🇸 Wu · United States
981
-17
TheQuietRiot
10:07 Feudal Age
9:27 Loom
10:49 Double-Bit Axe
12:12 Horse Collar
17:28 Castle Age
16:43 Gold Mining
18:32 Bow Saw
20:04 Stone Mining
22:13 Forging
30:03 Elite Skirmisher
30:47 Fletching
30:58 Padded Archer Armor
34:46 Wheelbarrow
38:10 Imperial Age
36:17 Hand Cart
45:16 Stone Shaft Mining
46:00 Two-Man Saw
45:27 Squires
46:20 Iron Casting
45:44 Cavalier
46:37 Bloodlines
51:44 Chemistry
51:05 Ballistics
51:52 Blast Furnace
50:47 Bodkin Arrow
51:11 Leather Archer Armor
50:56 Bodkin Arrow
51:03 Scale Mail Armor
51:08 Scale Barding Armor
51:29 Conscription
53:01 Heavy Plow
56:52 Siege Engineers
56:58 Masonry
57:11 Pikeman
60:31 Gambesons
62:40 Halberdier
no micro
11:00 Feudal Age
14:51 Castle Age
13:44 Loom
14:19 Double-Bit Axe
14:40 Horse Collar
23:43 Fletching
27:16 Bodkin Arrow
29:41 Padded Archer Armor
34:42 Leather Archer Armor
36:23 Red Cliffs Tactics
37:43 Wheelbarrow
40:43 Imperial Age
40:11 Ballistics
40:02 Masonry
39:48 Murder Holes
42:23 Scale Barding Armor
42:29 Forging
43:08 Conscription
43:05 Squires
42:50 Arson
43:32 Scale Barding Armor
43:30 Scale Mail Armor
43:41 Forging
44:26 Bow Saw
44:59 Gold Mining
46:53 Chain Mail Armor
47:31 Iron Casting
47:22 Bracer
48:16 Plate Mail Armor
47:52 Pikeman
50:57 Blast Furnace
51:11 Scale Barding Armor
51:11 Halberdier
53:19 Town Watch
53:49 Stone Mining
54:36 Gold Shaft Mining
57:16 Husbandry
57:27 Bloodlines
56:39 Light Cavalry
58:11 Heavy Hei Guang Cavalry
59:13 Chain Barding Armor
61:49 Hussar
62:23 Elite Skirmisher
Connection lost

Rejoining the realm…

Still unreachable

The connection could not be restored.

Session expired

The server has moved on; the page needs a fresh start.